TOP OF THE 1ST |
York Revolution batting - Pitching for New Jersey Devils : RHP Richard Pye
|
Pitching: RHP Richard Pye
|
|
Batting: RHB Tony Perez
|
0-0: Fly out, F7 (Flyball, 7S, EV 70.6 MPH)
|
Batting: RHB Chris Myers
|
0-0: SINGLE (Line Drive, 4D, EV 96.2 MPH)
|
Batting: LHB Joel Moore
|
0-0: Ball 1-0: Fly out, F7 (Line Drive, 7S, EV 106.2 MPH)
|
Batting: RHB Jose Corral
|
0-0: Called Strike 0-1: Swinging Strike 0-2: Ball 1-2: SINGLE (Groundball, 6D, EV 96.2 MPH) Chris Myers to second
|
Batting: RHB Lee Wright
|
0-0: Called Strike 0-1: Ball 1-1: Swinging Strike 1-2: Ball 2-2: Ball 3-2: Ground out 4-3 (Groundball, 4M, EV 96.9 MPH)
|
Top of the 1st over - 0 runs, 2 hits, 0 errors, 2 left on base; York 0 - New Jersey 0 |
BOTTOM OF THE 1ST |
New Jersey Devils batting - Pitching for York Revolution : RHP John Hughes
|
Pitching: RHP John Hughes
|
|
Batting: LHB Matt Baker
|
0-0: Ball 1-0: Foul Ball, location: 2F 1-1: Ball 2-1: SINGLE (Line Drive, 34, EV 102.5 MPH)
|
Batting: RHB Larry Shoop
|
0-0: Swinging Strike 0-1: Called Strike 0-2: Ball Passed Ball! Matt Baker to second 1-2: Ball 2-2: Foul Ball, location: 2F 2-2: Foul Ball, location: 2F 2-2: Foul Ball, location: 2F 2-2: Foul Ball, location: 2F 2-2: Ball 3-2: Fly out, F9 (Flyball, 89M, EV 91.9 MPH)
|
Batting: RHB Gang-sheng Chew
|
0-0: Fly out, F9 (Line Drive, 9, EV 100.6 MPH)
|
Batting: RHB Bobby Coulombe
|
0-0: SINGLE (Line Drive, 9S, EV 85.6 MPH) Matt Baker to third Runner from 3rd tries for Home, throw by RF and OUT! 9-2
|
Bottom of the 1st over - 0 runs, 2 hits, 0 errors, 1 left on base; York 0 - New Jersey 0 |
TOP OF THE 2ND |
York Revolution batting - Pitching for New Jersey Devils : RHP Richard Pye
|
Batting: RHB Jake Cox
|
0-0: Called Strike 0-1: Ball 1-1: Fly out, F9 (Line Drive, 9, EV 93.8 MPH)
|
Batting: SHB Brett St. Clair
|
0-0: Called Strike 0-1: Ball 1-1: Bunt missed! 1-2: Ball 2-2: DOUBLE (Flyball, 8LXD, EV 103.8 MPH)
|
Batting: RHB Victor Arias
|
0-0: Ball 1-0: Foul Ball, location: 2F 1-1: Foul Ball, location: 2F 1-2: Foul Ball, location: 2F 1-2: Ground out 3-1 (Groundball, 34S, EV 87.5 MPH) Brett St. Clair to third
|
Batting: RHB Joe Hewitt
|
0-0: Called Strike 0-1: Ground out 6-3 (Groundball, 6M, EV 101.2 MPH)
|
Top of the 2nd over - 0 runs, 1 hit, 0 errors, 1 left on base; York 0 - New Jersey 0 |
BOTTOM OF THE 2ND |
New Jersey Devils batting - Pitching for York Revolution : RHP John Hughes
|
Batting: LHB Bayesa Mundhir
|
0-0: Called Strike 0-1: Ball 1-1: DOUBLE (Line Drive, 9LS, EV 96.2 MPH)
|
Batting: RHB Chris Artz
|
0-0: Ground out 6-3 (Groundball, 6M, EV 104.4 MPH) Bayesa Mundhir to third
|
Batting: SHB Jerry Burrows
|
0-0: Ball 1-0: Ball 2-0: Foul Ball, location: 2F 2-1: Ball 3-1: Called Strike 3-2: Base on Balls
|
Batting: RHB Brian Bonin
|
0-0: Called Strike 0-1: Called Strike 0-2: Ball 1-2: Strikes out looking
|
Batting: RHB Mike Hanks
|
0-0: Ball 1-0: Ball 2-0: Called Strike 2-1: Ball 3-1: Reached on error, E5 (Groundball, 56, EV 103.8 MPH) Bayesa Mundhir scores Jerry Burrows to third
|
Batting: LHB Matt Baker
|
0-0: Called Strike 0-1: Foul Ball, location: 2F 0-2: Ground out 4-3 (Groundball, 4D, EV 100.0 MPH)
|
Bottom of the 2nd over - 1 run, 1 hit, 1 error, 2 left on base; York 0 - New Jersey 1 |
TOP OF THE 3RD |
York Revolution batting - Pitching for New Jersey Devils : RHP Richard Pye
|
Batting: RHB Tony Perez
|
0-0: Ball 1-0: Fly out, F8 (Flyball, 78M, EV 83.8 MPH)
|
Batting: RHB Chris Myers
|
0-0: Ball 1-0: Ball 2-0: SOLO HOME RUN (Flyball, 9LD, EV 96.2 MPH), Distance : 337 ft
|
Batting: LHB Joel Moore
|
0-0: Ball 1-0: Called Strike 1-1: Swinging Strike 1-2: Ball 2-2: SINGLE (Line Drive, 6D, EV 105.0 MPH)
|
Batting: RHB Jose Corral
|
0-0: Called Strike 0-1: Foul Ball, location: 2F 0-2: Grounds into double play, 3-6-3 (Groundball, 23, EV 87.5 MPH)
|
Top of the 3rd over - 1 run, 2 hits, 0 errors, 0 left on base; York 1 - New Jersey 1 |
BOTTOM OF THE 3RD |
New Jersey Devils batting - Pitching for York Revolution : RHP John Hughes
|
Batting: RHB Larry Shoop
|
0-0: Ball 1-0: Ball 2-0: Called Strike 2-1: SINGLE (Groundball, 13S, EV 72.5 MPH) (infield hit)
|
Batting: RHB Gang-sheng Chew
|
0-0: Ball 1-0: Called Strike 1-1: Ball 2-1: Grounds into double play, 6-4-3 (Groundball, 56, EV 85.6 MPH)
|
Batting: RHB Bobby Coulombe
|
0-0: Ball 1-0: Called Strike 1-1: Reached on error, E4 (Groundball, 4, EV 79.4 MPH)
|
Batting: LHB Bayesa Mundhir
|
0-0: Ball 1-0: Called Strike 1-1: Called Strike 1-2: Foul Ball, location: 2F 1-2: Ball 2-2: Foul Ball, location: 2F 2-2: Foul Ball, location: 2F 2-2: Strikes out swinging
|
Bottom of the 3rd over - 0 runs, 1 hit, 1 error, 1 left on base; York 1 - New Jersey 1 |
TOP OF THE 4TH |
York Revolution batting - Pitching for New Jersey Devils : RHP Richard Pye
|
Batting: RHB Lee Wright
|
0-0: Swinging Strike 0-1: Fly out, F7 (Line Drive, 7D, EV 85.0 MPH)
|
Batting: RHB Jake Cox
|
0-0: Called Strike 0-1: Ball 1-1: SINGLE (Line Drive, 89S, EV 104.4 MPH)
|
Batting: SHB Brett St. Clair
|
0-0: Ball 1-0: Called Strike 1-1: Swinging Strike 1-2: Foul Ball, location: 2F 1-2: Foul Ball, location: 2F 1-2: SINGLE (Groundball, 23, EV 71.9 MPH) (infield hit) Jake Cox to second
|
Batting: RHB Victor Arias
|
0-0: Ball 1-0: Called Strike 1-1: Foul Ball, location: 2F 1-2: Fly out, F7 (Flyball, 78D, EV 90.0 MPH) Runner from 2nd tags up, OUT at 3rd! 7-5
|
Top of the 4th over - 0 runs, 2 hits, 0 errors, 1 left on base; York 1 - New Jersey 1 |
BOTTOM OF THE 4TH |
New Jersey Devils batting - Pitching for York Revolution : RHP John Hughes
|
Batting: RHB Chris Artz
|
0-0: Fly out, F6 (Popup, 4MS, EV 71.2 MPH)
|
Batting: SHB Jerry Burrows
|
0-0: SINGLE (Groundball, 4D, EV 104.4 MPH)
|
Batting: RHB Brian Bonin
|
0-0: Swinging Strike 0-1: Fly out, F8 (Flyball, 89M, EV 82.5 MPH)
|
Batting: RHB Mike Hanks
|
0-0: Called Strike 0-1: Swinging Strike 0-2: Fly out, F4 (Line Drive, 4, EV 67.5 MPH)
|
Bottom of the 4th over - 0 runs, 1 hit, 0 errors, 1 left on base; York 1 - New Jersey 1 |
TOP OF THE 5TH |
York Revolution batting - Pitching for New Jersey Devils : RHP Richard Pye
|
Batting: RHB Joe Hewitt
|
0-0: Foul Ball, location: 2F 0-1: Foul Ball, location: 2F 0-2: Strikes out swinging
|
Batting: RHB Tony Perez
|
0-0: SOLO HOME RUN (Flyball, 9LD, EV 95.0 MPH), Distance : 332 ft
|
Batting: RHB Chris Myers
|
0-0: Ball 1-0: Ground out 6-3 (Groundball, 6, EV 96.9 MPH)
|
Batting: LHB Joel Moore
|
0-0: Called Strike 0-1: Called Strike 0-2: Strikes out looking
|
Top of the 5th over - 1 run, 1 hit, 0 errors, 0 left on base; York 2 - New Jersey 1 |
BOTTOM OF THE 5TH |
New Jersey Devils batting - Pitching for York Revolution : RHP John Hughes
|
Batting: LHB Matt Baker
|
0-0: Swinging Strike 0-1: Ball 1-1: Ground out 1-3 (Groundball, 13, EV 66.2 MPH)
|
Batting: RHB Larry Shoop
|
0-0: Fly out, F7 (Flyball, 78S, EV 85.0 MPH)
|
Batting: RHB Gang-sheng Chew
|
0-0: Called Strike 0-1: Swinging Strike 0-2: Strikes out swinging
|
Bottom of the 5th over - 0 runs, 0 hits, 0 errors, 0 left on base; York 2 - New Jersey 1 |
TOP OF THE 6TH |
York Revolution batting - Pitching for New Jersey Devils : RHP Richard Pye
|
Batting: RHB Jose Corral
|
0-0: Ball 1-0: Ground out 6-3 (Groundball, 6, EV 83.8 MPH)
|
Batting: RHB Lee Wright
|
0-0: Ball 1-0: Ground out 6-3 (Groundball, 6S, EV 70.0 MPH)
|
Batting: RHB Jake Cox
|
0-0: Swinging Strike 0-1: Ball 1-1: Foul Ball, location: 2F 1-2: Ball 2-2: Fly out, F9 (Flyball, 9S, EV 83.8 MPH)
|
Top of the 6th over - 0 runs, 0 hits, 0 errors, 0 left on base; York 2 - New Jersey 1 |
BOTTOM OF THE 6TH |
New Jersey Devils batting - Pitching for York Revolution : RHP John Hughes
|
Batting: RHB Bobby Coulombe
|
0-0: Ball 1-0: Called Strike 1-1: SINGLE (Line Drive, 34D, EV 105.6 MPH)
|
Batting: LHB Bayesa Mundhir
|
0-0: Ball 1-0: Ball 2-0: Called Strike 2-1: DOUBLE (Flyball, 8LXD, EV 100.0 MPH) Bobby Coulombe to third
|
Pitching: RHP Dusty DuPont
|
|
Pinch Hitting: SHB Nick Daigle
|
0-0: Foul Ball, location: 2F 0-1: Fly out, F8 (Flyball, 8LD, EV 110.0 MPH) Runner from 3rd tags up, SCORES, no throw by CF
|
Batting: SHB Jerry Burrows
|
0-0: Ball 1-0: Foul Ball, location: 2F 1-1: Ball 2-1: Foul Ball, location: 2F 2-2: Foul Ball, location: 2F 2-2: Ball 3-2: Base on Balls
|
Pitching: LHP Hiroshi Mukae
|
|
Batting: RHB Brian Bonin
|
0-0: Called Strike 0-1: Ball 1-1: Foul Ball, location: 2F 1-2: Ball 2-2: Strikes out looking
|
Pinch Hitting: RHB Jose Lara
|
0-0: SINGLE (Groundball, 6MD, EV 108.1 MPH) Bayesa Mundhir to third Jerry Burrows to second Runner from 3rd tries for Home, throw by CF and OUT! 8-2
|
Bottom of the 6th over - 1 run, 3 hits, 0 errors, 2 left on base; York 2 - New Jersey 2 |
TOP OF THE 7TH |
York Revolution batting - Pitching for New Jersey Devils : RHP Richard Pye
|
Now at 1B: Justin Wallace
|
|
Now in LF: Dan Bremseth
|
|
Batting: SHB Brett St. Clair
|
0-0: Swinging Strike 0-1: Called Strike 0-2: Ball 1-2: Ball 2-2: Ball 3-2: Strikes out swinging
|
Batting: RHB Victor Arias
|
0-0: Ball 1-0: Foul Ball, location: 2F 1-1: Foul Ball, location: 2F 1-2: Strikes out swinging
|
Batting: RHB Joe Hewitt
|
0-0: Ball 1-0: Swinging Strike 1-1: Ball 2-1: Foul Ball, location: 2F 2-2: Ball 3-2: Foul Ball, location: 2F 3-2: Strikes out swinging
|
Top of the 7th over - 0 runs, 0 hits, 0 errors, 0 left on base; York 2 - New Jersey 2 |
BOTTOM OF THE 7TH |
New Jersey Devils batting - Pitching for York Revolution : LHP Hiroshi Mukae
|
Batting: LHB Matt Baker
|
0-0: Ground out 4-3 (Groundball, 4, EV 108.8 MPH)
|
Batting: RHB Larry Shoop
|
0-0: Swinging Strike 0-1: Foul Ball, location: 2F 0-2: Foul Ball, location: 2F 0-2: Strikes out swinging
|
Batting: RHB Gang-sheng Chew
|
0-0: Called Strike 0-1: Foul Ball, location: 2F 0-2: SOLO HOME RUN (Line Drive, 7D, EV 98.8 MPH), Distance : 376 ft
|
Batting: RHB Bobby Coulombe
|
0-0: Ball 1-0: Called Strike 1-1: Ball 2-1: Ball 3-1: Base on Balls
|
Batting: LHB Bayesa Mundhir
|
0-0: Ball 1-0: Ball 2-0: Ball 3-0: Called Strike 3-1: Foul Ball, location: 2F 3-2: Strikes out swinging
|
Bottom of the 7th over - 1 run, 1 hit, 0 errors, 1 left on base; York 2 - New Jersey 3 |
TOP OF THE 8TH |
York Revolution batting - Pitching for New Jersey Devils : RHP Richard Pye
|
Batting: RHB Tony Perez
|
0-0: Ball 1-0: Ball 2-0: Called Strike 2-1: Fly out, F8 (Flyball, 8RD, EV 91.2 MPH)
|
Batting: RHB Chris Myers
|
0-0: Swinging Strike 0-1: Foul Ball, location: 2F 0-2: Ball 1-2: SINGLE (Flyball, 9LS, EV 100.0 MPH)
|
Batting: LHB Joel Moore
|
0-0: Fielders Choice at 2nd, 2-4 (Groundball, 2L, EV 71.2 MPH)
|
Batting: RHB Jose Corral
|
0-0: Called Strike 0-1: SINGLE (Line Drive, 9LS, EV 103.8 MPH) Joel Moore to second
|
Batting: RHB Lee Wright
|
0-0: Called Strike 0-1: Foul Ball, location: 2F 0-2: Ball 1-2: Ball 2-2: Foul Ball, location: 2F 2-2: Ball 3-2: SINGLE (Line Drive, 8RS, EV 110.0 MPH) Joel Moore to third Jose Corral to second Joel Moore scores Jose Corral to third
|
Batting: RHB Jake Cox
|
0-0: Ball 1-0: Foul Ball, location: 2F 1-1: Ground out 5-3 (Groundball, 15, EV 89.4 MPH)
|
Top of the 8th over - 1 run, 3 hits, 0 errors, 2 left on base; York 3 - New Jersey 3 |
BOTTOM OF THE 8TH |
New Jersey Devils batting - Pitching for York Revolution : LHP Hiroshi Mukae
|
Pitching: LHP Tim Lawson
|
|
Batting: LHB Dan Bremseth
|
0-0: Called Strike 0-1: Foul Ball, location: 2F 0-2: Ground out 6-3 (Groundball, 6S, EV 81.9 MPH)
|
Batting: SHB Jerry Burrows
|
0-0: Ball 1-0: DOUBLE (Line Drive, 5D, EV 98.1 MPH)
|
Batting: RHB Brian Bonin
|
0-0: Fly out, F9 (Flyball, 9, EV 78.1 MPH)
|
Batting: SHB Justin Wallace
|
0-0: Ball 1-0: Ball Wild Pitch! Jerry Burrows to third 2-0: Foul Ball, location: 2F 2-1: Foul Ball, location: 2F 2-2: Ground out 6-3 (Groundball, 6, EV 93.1 MPH)
|
Bottom of the 8th over - 0 runs, 1 hit, 0 errors, 1 left on base; York 3 - New Jersey 3 |
TOP OF THE 9TH |
York Revolution batting - Pitching for New Jersey Devils : RHP Richard Pye
|
Batting: SHB Brett St. Clair
|
0-0: SINGLE (Groundball, 34D, EV 111.2 MPH)
|
Batting: RHB Victor Arias
|
0-0: Called Strike 0-1: Swinging Strike 0-2: Ball 1-2: Ball 2-2: Foul Ball, location: 2F 2-2: Strikes out looking
|
Pitching: LHP Joe Edwards
|
|
Batting: RHB Joe Hewitt
|
0-0: Ball 1-0: Swinging Strike 1-1: Fly out, F8 (Line Drive, 8LD, EV 91.9 MPH)
|
Batting: RHB Tony Perez
|
0-0: Ball 1-0: Ball 2-0: Called Strike 2-1: Foul Ball, location: 2F 2-2: DOUBLE (Flyball, 78XD, EV 96.2 MPH) Brett St. Clair to third Runner from 3rd tries for Home, SAFE, throw by LF to home
|
Batting: RHB Chris Myers
|
0-0: Ball 1-0: Ball 2-0: Called Strike 2-1: Fly out, F9 (Flyball, 89XD, EV 86.2 MPH)
|
Top of the 9th over - 1 run, 2 hits, 0 errors, 1 left on base; York 4 - New Jersey 3 |
BOTTOM OF THE 9TH |
New Jersey Devils batting - Pitching for York Revolution : LHP Tim Lawson
|
Batting: LHB Matt Baker
|
0-0: Ball 1-0: Ball 2-0: Ball 3-0: Called Strike 3-1: Foul Ball, location: 2F 3-2: Foul Ball, location: 2F 3-2: Base on Balls
|
Batting: RHB Larry Shoop
|
0-0: Ball 1-0: Foul Ball, location: 2F 1-1: Ball 2-1: Fly out, F9 (Line Drive, 9, EV 98.8 MPH)
|
Batting: RHB Gang-sheng Chew
|
0-0: Ball 1-0: Called Strike 1-1: Ball 2-1: Ball 3-1: Foul Ball, location: 2F 3-2: Foul Ball, location: 2F 3-2: 2-RUN HOME RUN (Flyball, 7LD, EV 94.4 MPH), Distance : 336 ft
|
Bottom of the 9th over - 2 runs, 1 hit, 0 errors, 0 left on base; York 4 - New Jersey 5 |
|
Game Over ... New Jersey defeats York, 5 to 4
|
|
|